AoeStats
← Katovincere

African Clearing

510276574Analyzed
4v4 RM · 20h ago on Sep 30, 2026· 53m 9s· 8 players
Game mode
Random Map
Map size
Large (8 player)
Population
200
Speed
Normal
Resources
Standard
Victory
Conquest
Starting age
Dark Age
Ending age
Imperial Age
RankedLock teamsTeams togetherTeam positionsShared explorationLock speedFull tech treeHidden civsTurbo modeCheats
Victory
Defeat
🇩🇪 Portuguese · Germany
1049
+17
🇩🇪 Shu · Germany
1041
+17
🇳🇱 Vietnamese · Netherlands
1033
+18
🇪🇸 Huns · Spain
1028
+17
🇨🇳 Britons · China
1085
-18
🇦🇺 Huns · Australia
1066
-17
🇰🇷 Maya · South Korea
1061
-17
🇨🇳 Magyars · China
1060
-17
dashjk
17:32 Feudal Age
15:51 Loom
22:47 Castle Age
21:42 Bloodlines
22:17 Horse Collar
23:13 Scale Barding Armor
23:56 Light Cavalry
25:00 Chain Barding Armor
31:43 Double-Bit Axe
33:48 Wheelbarrow
35:45 Stone Mining
38:38 Hand Cart
38:26 Gold Mining
39:05 Bow Saw
40:08 Husbandry
40:13 Corvinian Army
44:14 Imperial Age
41:09 Pikeman
42:32 Scale Mail Armor
43:35 Chain Mail Armor
43:41 Murder Holes
43:28 Treadmill Crane
43:59 Masonry
45:39 Conscription
45:26 Halberdier
47:06 Arson
47:58 Plate Barding Armor
46:44 Hussar
49:57 Ballistics
50:39 Chemistry
49:28 Town Watch
50:26 Elite Magyar Huszar
52:07 Hoardings
Katovincere
15:47 Feudal Age
20:11 Castle Age
18:42 Stone Mining
21:34 Wheelbarrow
20:46 Double-Bit Axe
21:43 Bow Saw
22:49 Horse Collar
24:19 Loom
24:47 Heavy Plow
27:11 Gold Mining
28:47 Hand Cart
30:24 Gold Shaft Mining
29:50 Fletching
37:19 Imperial Age
35:33 Yeomen
35:12 Bodkin Arrow
35:41 Ballistics
34:50 Pikeman
35:31 Squires
35:16 Arson
36:16 Padded Archer Armor
36:18 Scale Mail Armor
38:29 Conscription
39:33 Chemistry
40:13 Halberdier
41:25 Bracer
41:40 Chain Mail Armor
41:36 Forging
46:21 Plate Mail Armor
46:27 Iron Casting
48:44 Two-Man Saw
47:16 Elite Longbowman
48:18 Warwolf
HaBeeMo
5:29 Loom
14:42 Feudal Age
17:28 Double-Bit Axe
22:10 Castle Age
22:30 Crossbowman
28:03 Fletching
28:15 Padded Archer Armor
31:24 Horse Collar
35:00 Wheelbarrow
34:41 Heavy Plow
36:57 Squires
37:50 Bow Saw
39:49 Bow Saw
40:34 Stone Mining
41:28 Gold Mining
42:23 Pikeman
49:21 Forging
archers only
13:31 Feudal Age
21:17 Castle Age
20:55 Double-Bit Axe
21:40 Scale Barding Armor
25:38 Wheelbarrow
30:45 Hand Cart
36:29 Chain Barding Armor
37:01 Forging
36:49 Horse Collar
48:13 Imperial Age
46:21 Bow Saw
49:45 Pikeman
Legendario
8:39 Loom
9:57 Loom
17:53 Feudal Age
22:01 Castle Age
20:25 Double-Bit Axe
28:02 Horse Collar
28:35 Bow Saw
29:49 Wheelbarrow
29:54 Heavy Plow
31:09 Hand Cart
31:12 Gold Mining
35:53 Imperial Age
33:46 Scale Barding Armor
33:51 Husbandry
34:13 Bloodlines
34:17 Forging
35:09 Chain Barding Armor
34:56 Marauders
36:40 Iron Casting
35:57 Elite Tarkan
36:58 Conscription
37:18 Plate Barding Armor
38:36 Blast Furnace
38:51 Two-Man Saw
51:10 Fletching
CookMan
13:34 Feudal Age
15:41 Horse Collar
15:54 Man-at-Arms
23:24 Double-Bit Axe
25:50 Wheelbarrow
29:55 Castle Age
30:51 Bloodlines
30:35 Elite Skirmisher
30:38 Light Cavalry
31:20 Husbandry
30:58 Long Swordsman
31:25 Arson
31:26 Gambesons
31:45 Padded Archer Armor
31:36 Fletching
31:48 Scale Mail Armor
32:22 Bow Saw
33:23 Scale Barding Armor
33:41 Gold Mining
36:18 Forging
37:56 Chain Barding Armor
38:12 Iron Casting
39:00 Hand Cart
41:23 Stone Mining
53:22 Imperial Age
51:28 Circumnavigation
HardstyleHunter
15:51 Feudal Age
20:00 Castle Age
21:16 Squires
22:10 Elite Skirmisher
23:39 Scale Mail Armor
23:33 Fletching
26:14 Loom
29:08 Gold Mining
29:09 Stone Mining
34:17 Forging
37:02 Arson
37:36 Chain Mail Armor
Gello426205
12:10 Loom
15:38 Feudal Age
21:46 Castle Age
20:04 Scale Mail Armor
20:39 Forging
20:40 Arson
21:47 Gold Mining
22:00 Stone Mining
22:41 Double-Bit Axe
22:43 Horse Collar
23:10 Pikeman
29:32 Chain Mail Armor
30:41 Squires
31:30 Fletching
35:16 Coiled Serpent Array
38:02 Wheelbarrow
37:13 Town Watch
37:31 Heavy Plow
37:44 Bow Saw
41:34 Imperial Age
41:40 Elite White Feather Guard
42:42 Conscription
43:15 Plate Mail Armor
43:21 Hand Cart
44:10 Gold Shaft Mining
46:34 Bodkin Arrow
49:52 Bracer
Connection lost

Rejoining the realm…

Still unreachable

The connection could not be restored.

Session expired

The server has moved on; the page needs a fresh start.